AoeStats
← Křovák

Arabia

510125685Analyzed
1v1 RM · 3d ago on Sep 29, 2026· 52m 25s· 2 players
Game mode
Random Map
Map size
Tiny (2 player)
Population
200
Speed
Normal
Resources
Standard
Victory
Conquest
Starting age
Dark Age
Ending age
Imperial Age
RankedLock teamsTeams togetherTeam positionsShared explorationLock speedFull tech treeHidden civsTurbo modeCheats
Victory
Defeat
🇸🇰 Maya · Slovakia
854
+43
🇨🇿 Malians · Czechia
859
-16
JRoBot
0:26 Loom
11:08 Feudal Age
13:07 Double-Bit Axe
21:06 Castle Age
19:58 Horse Collar
21:22 Crossbowman
22:15 Bow Saw
22:29 Heavy Plow
23:11 Fletching
24:15 Thumb Ring
25:11 Pikeman
29:20 Wheelbarrow
28:57 Bodkin Arrow
29:02 Padded Archer Armor
31:58 Squires
32:53 Hand Cart
33:01 Scale Mail Armor
33:12 Forging
33:17 Leather Archer Armor
33:53 Ballistics
38:17 Imperial Age
37:18 Chain Mail Armor
37:50 Gold Mining
37:51 Stone Mining
38:20 Arbalester
39:03 Bracer
40:06 Halberdier
43:39 Ring Archer Armor
44:51 Chemistry
45:31 Two-Man Saw
45:06 Crop Rotation
47:03 Conscription
47:33 Capped Ram
48:46 Guilds
49:45 Siege Ram
52:14 Plate Mail Armor
53:36 Stone Shaft Mining
Křovák
8:06 Loom
10:41 Feudal Age
11:31 Double-Bit Axe
12:15 Horse Collar
20:49 Castle Age
21:44 Bow Saw
22:21 Heavy Plow
25:38 Scale Barding Armor
26:21 Forging
26:36 Fletching
33:21 Imperial Age
30:37 Town Watch
31:28 Wheelbarrow
31:28 Gold Mining
31:29 Stone Mining
31:37 Murder Holes
34:01 Iron Casting
35:06 Cavalier
40:40 Farimba
42:10 Bodkin Arrow
42:36 Chain Barding Armor
42:17 Scale Mail Armor
43:06 Ballistics
43:46 Chemistry
50:38 Elite Skirmisher
Connection lost

Rejoining the realm…

Still unreachable

The connection could not be restored.

Session expired

The server has moved on; the page needs a fresh start.